 Dungeon Crawl Stone Soup version 0.30-a0-802-gb92711bcdf (webtiles) character file.

Game seed: 321393660162987780

58 Popcorn the Grasshopper (level 4, 0/40 HPs)
             Began as a Naga Warper on Feb 23, 2023.
             Killed from afar by an orc wizard (5 damage)
             ... with a magic dart
             ... on level 3 of the Dungeon.
             The game lasted 00:07:24 (2160 turns).

Popcorn the Grasshopper (Naga Warper)               Turns: 2160, Time: 00:07:24

Health: 0/40       AC:  2    Str: 16    XL:     4   Next: 1%
Magic:  7/7        EV:  9    Int: 13    God:
Gold:   118        SH:  0    Dex: 10    Spells: 2/7 levels left

rFire   . . .      SeeInvis +    a - +1 spear
rCold   . . .      Faith    .    (no shield)
rNeg    . . .      Spirit   .    b - +0 leather armour
rPois   +          Reflect  .    (no helmet)
rElec   .          Harm     .    (no cloak)
rCorr   .          Rampage  .    (no gloves)
Will    .....                    (no barding)
Stlth   +                        (no amulet)
HPRegen 0.26/turn                (no ring)
MPRegen 0.10/turn                (no ring)

@: very slow
A: AC +1, large, see invisible, deformed body, poison resistance, slowness 2,
spit poison 1, naga tail 1
a: Spit Poison


You were on level 3 of the Dungeon.
You visited 1 branch of the dungeon, and saw 3 of its levels.

You collected 118 gold pieces.

Inventory:

Hand Weapons
 a - a +1 spear (weapon)
Missiles
 d - 5 boomerangs of dispersal
Armour
 b - a +0 leather armour (worn)
Wands
 i - a wand of charming (5)
Scrolls
 h - a scroll of blinking
 k - a scroll of enchant weapon
Potions
 c - a potion of flight {unknown}
 e - 2 potions of haste {unknown}
 f - a potion of curing {unknown}
 g - a potion of degeneration {unknown}


   Skills:
 + Level 2.4 Fighting
 + Level 2.4 Polearms
 - Level 0.8 Throwing
 - Level 0.7 Armour
 * Level 2.4 Dodging
 - Level 2.3 Spellcasting
 - Level 3.3 Translocations


You had 2 spell levels left.
You knew the following spells:

 Your Spells              Type           Power      Damage    Failure   Level
a - Blink                 Tloc           20%        N/A       12%         2
b - Teleport Other        Tloc           10%        N/A       22%         3

Your spell library contained the following spells:

 Spells                   Type           Power      Damage    Failure   Level
 Lesser Beckoning         Tloc           20%        N/A       12%         2
 Beastly Appendage        Tmut           2%         N/A       30%         1
 Ensorcelled Hibernation  Hex/Ice        2%         N/A       43%         2
 Wereblood                Tmut           1%         N/A       43%         2
 Vhi's Electric Charge    Tloc/Air       10%        N/A       41%         3
 Manifold Assault         Tloc           10%        N/A       58%         4
 Spider Form              Tmut/Pois      1%         N/A       67%         3
 Anguish                  Hex/Necr       0%         N/A       97%         4


Dungeon Overview and Level Annotations

Branches:
Dungeon (3/15)

Altars:


Innate Abilities, Weirdness & Mutations

Your serpentine skin is tough. (AC +1)
You have supernaturally acute eyesight. (SInv)
Armour fits poorly on your strangely shaped body.
Your system is resistant to poisons. (rPois)
You cover ground very slowly.
You can spit poison.
You have a snake-like lower body.


Message History

The orc wizard is heavily wounded.
The orc wizard casts a spell at you. The magic dart hits you.
The orc priest looks encouraged for a moment.
You hit the orc wizard but do no damage.
The orc wizard is heavily wounded.
The orc wizard hits you with a +0 dagger.
The orc priest mumbles some strange prayers to Beogh against you.
Beogh smites you!
You hit the orc wizard but do no damage.
The orc wizard is heavily wounded.
The orc wizard closely misses you.
You hit the orc wizard.
The orc wizard is severely wounded.
The orc wizard hits you with a +0 dagger.
You hit the orc wizard.
The orc wizard is severely wounded.
The orc wizard casts a spell at you.
You are confused.
You bump into the rock wall.
The orc wizard gestures at you while chanting.
The magic dart hits you!
* * * LOW HITPOINT WARNING * * *
You hit the orc wizard.
The orc wizard is almost dead.
The orc wizard hits you with a +0 dagger.
* * * LOW HITPOINT WARNING * * *
The orc wizard casts a spell at you. The magic dart hits you.
* * * LOW HITPOINT WARNING * * *
The orc wizard barely misses you.
You bump into the rock wall.
You feel less confused.
The orc wizard casts a spell.
The orc wizard flickers and vanishes for a moment.
You closely miss the orc wizard.
The orc wizard is almost dead.
The orc wizard gestures at you while chanting.
The magic dart hits you.
You die...

...# ####.#.###..##.#
...# #..>..........#
...# #........#.##.
...####........#.# #
.....##........#.#
.....##..........# #
.....##..........##.#
...........)........#
............###.@##.#
##..........#
#oo##o####
##...).)^...#
#..o.)...#
............#
#..#####.#
##.....<....# #..#
#..........# #?.#
########.### #..# ...
.... #####..##


You could see an orc priest, an orc wizard (invisible) and an orc.

Vanquished Creatures
  An adder (D:2)
  3 dart slugs
  An orc (D:3)
  5 endoplasms
  3 giant cockroaches
  3 hobgoblins
  3 jackals (D:1)
  3 kobolds
  3 quokkas
  3 ball pythons
  A bat (D:1)
  A frilled lizard (D:2)
  6 goblins
36 creatures vanquished.

Notes
Turn   | Place    | Note
-------+----------+-------------------------------------------
     0 | D:1      | Popcorn the Naga Warper began the quest for the Orb.
     0 | D:1      | Reached XP level 1. HP: 19/19 MP: 3/3
   121 | D:1      | Reached XP level 2. HP: 12/26 MP: 5/5
   218 | D:1      | HP: 1/26 [jackal (1)]
   881 | D:1      | Reached XP level 3. HP: 32/32 MP: 6/6
  1324 | D:2      | Learned a level 2 spell: Blink
  1328 | D:2      | Learned a level 3 spell: Teleport Other
  2147 | D:3      | Reached XP level 4. HP: 40/40 MP: 7/7
  2160 | D:3      | Killed from afar by an orc wizard

Illustrated notes

Levels and vault maps discovered:
D:1:      lightli_arrival_windingriver, layout_basic, minmay_hexomino_u4
D:2:      layout_basic, kennysheep_nondescript
D:3:      layout_basic, mainiacjoe_overflow_small_starburst,
          portal_sewer_entry_e, skrybe_limestone_x, uniq_ijyb, uniq_sigmund

Skill      XL: |  1  2 |
---------------+-------+-----
Dodging        | 2 |  2.4
Fighting       | |  2.4
Polearms       | |  2.4
Throwing       | |  0.8
Armour         | |  0.7
Spellcasting   | |  2.3
Translocations | |  3.3

Action                     |  1- 3 |  4- 6 || total
---------------------------+-------+-------++-------
  Melee: Spear             |   116 |     9 ||   125
         Punch             |     1 |       ||     1
  Throw: Boomerang         |     2 |       ||     2
Ability: Spit Poison       |    13 |       ||    13
    Use: Scroll            |     8 |       ||     8
 Armour: Leather armour    |    32 |       ||    32
  Dodge: Dodged            |    56 |     2 ||    58

Table legend: (Time is in decaauts)
 A = Elapsed time spent in this place.
 B = Non-inter-level travel time spent in this place.
 C = Inter-level travel time spent in this place.
 D = Time resting spent in this place.
 E = Time spent auto-exploring this place.
 F = Levels seen in this place.
 G = Mean time per level.
                   A        B        C        D        E       F      G
               +--------+--------+--------+--------+--------+-----+--------+
         Total |   2807 |   2781 |     26 |    155 |   2222 |   3 |  935.7 |
       Dungeon |   2807 |   2781 |     26 |    155 |   2222 |   3 |  935.7 |
               +--------+--------+--------+--------+--------+-----+--------+

Top non-repeatable levels by time:
     D:1: 1419 daAuts
     D:2: 1255 daAuts
     D:3: 132 daAuts
